 Dungeon Crawl Stone Soup version 0.29.1-12-g30fa7ad0bf (webtiles) character file.

Game seed: 8220944675651441260

1958876 MacCMillion the Sabretooth (level 26, 133/133 HPs)
             Began as a Felid Summoner on Dec 23, 2022.
             Was the Champion of Jiyva.
             Escaped with the Orb
             ... and 4 runes on Dec 25, 2022!
             The game lasted 09:25:28 (92658 turns).

MacCMillion the Sabretooth (Felid Summoner)        Turns: 92658, Time: 09:25:29

Health: 133/133    AC: 22    Str:  7    XL:     26   Next: 42%
Magic:  44/44      EV: 51    Int: 31    God:    Jiyva [******]
Gold:   8360       SH:  0    Dex: 23    Spells: 9/57 levels left
                                        Lives:  2   Deaths: 4

rFire   + . .      SeeInvis +     - Unarmed
rCold   + . .      Faith    .   (shield unavailable)
rNeg    + . .      Spirit   .   (body armour unavailable)
rPois   ∞          Reflect  .   (helmet unavailable)
rElec   +          Harm     .   (cloak unavailable)
rCorr   +          Rampage  .   (gloves unavailable)
Will    ++++.                   (boots unavailable)
Stlth   +.........              b - amulet "Agidaqa" {RegenMP Fragile rF+ Str+4 Int+2}
HPRegen 4.32/turn               K - ring of Goiwuffo {Drain Fly rC+ rN+ Int+4}
MPRegen 1.19/turn               c - +4 ring of slaying

@: storm-form (expiring), flying
A: cleaving, insubstantial, flying, very small, (claws 1), (fangs 3), see
invisible, (speed 1), (shaggy fur 3), (stealthy paws), no weapons or thrown
items, no armour, multi-lived, (large bone plates 1), agile 1, strong-willed 1,
regeneration 3, wild magic 2, (gelatinous body 1), (pseudopods 1)
0: Orb of Zot
}: 4/15 runes: decaying, slimy, silver, gossamer
a: Blinkbolt, End Transformation, Renounce Religion, Oozemancy, Slimify


You escaped.
You worshipped Jiyva.
Jiyva was exalted by your worship.
You were a lightning-filled tempest!
You visited 13 branches of the dungeon, and saw 57 of its levels.
You visited 1 bazaar.
You also visited: Bailey, Gauntlet and Wizlab.

You collected 20523 gold pieces.
You spent 3821 gold pieces at shops.
You paid 8342 gold pieces to Gozag.

Inventory:

Jewellery
 b - the amulet "Agidaqa" (around neck) {RegenMP Fragile rF+ Str+4 Int+2}
   (You bought it in a shop on level 1 of the Swamp)

   [amulet of magic regeneration]

   It increases your rate of magic regeneration.
   Str:       It affects your strength (+4).
   Int:       It affects your intelligence (+2).
   rF:        It protects you from fire.
   Fragile:   It will be destroyed if unequipped.
 c - a +4 ring of slaying (right paw)
 l - a ring of positive energy
 B - a ring of the Octopus King {HP+2 MP+9 AC+2 EV+2 SH+2}
   (You took it off a wight on level 9 of the Dungeon)

   [ring of magical power]

   AC:        It affects your AC (+2).
   EV:        It affects your evasion (+2).
   HP:        It affects your health (+2).
   MP:        It affects your magic capacity (+9).
   SH:        It affects your SH (+2).
 E - a ring of willpower
 F - the ring "Xiluud" {rC+ MP+9}
   (You found it on level 3 of the Swamp)

   [ring of magical power]

   rC:        It protects you from cold.
   MP:        It affects your magic capacity (+9).
 H - a +6 ring of intelligence
 K - the ring of Goiwuffo (left paw) {Drain Fly rC+ rN+ Int+4}
   (You acquired it on level 3 of the Elven Halls)

   [ring of flight]

   Int:       It affects your intelligence (+4).
   rC:        It protects you from cold.
   rN:        It protects you from negative energy.
   Fly:       It grants you flight.
   Drain:     It drains your maximum health when unequipped.
 N - the ring of Dishonesty {Fly rC+ Str+4 Stlth-}
   (You found it in a Gauntlet)

   [ring of flight]

   Str:       It affects your strength (+4).
   rC:        It protects you from cold.
   Fly:       It grants you flight.
   Stlth:     It makes you less stealthy.
 O - the ring "Dabenej" {Fire Contam Str+2 Dex+3 SInv}
   (You found it on level 5 of the Lair of Beasts)

   [ring of fire]

   It enhances your fire magic.
   Str:       It affects your strength (+2).
   Dex:       It affects your dexterity (+3).
   rF:        It protects you from fire.
   rC:        It makes you vulnerable to cold.
   SInv:      It lets you see invisible.
   Contam:    It causes magical contamination when unequipped.
 P - a ring of protection from cold
 Q - the ring "Hirymnip" {Fly rElec rF- Str+6 Int+7}
   (You took it off a deep elf annihilator on level 3 of the Elven Halls)

   [ring of strength]

   Str:       It affects your strength (+6).
   Int:       It affects your intelligence (+7).
   rF:        It makes you vulnerable to fire.
   rElec:     It insulates you from electricity.
   Fly:       It grants you flight.
 T - the ring "Yxam" {rN+ Str+5}
   (You found it on level 3 of the Crypt)

   [ring of positive energy]

   Str:       It affects your strength (+5).
   rN:        It protects you from negative energy.
 W - an amulet of guardian spirit
 Y - a ring of protection from cold
Wands
 d - a wand of quicksilver (35)
 u - a wand of flame (62)
 v - a wand of paralysis (47)
 x - a wand of roots (42)
 D - a wand of digging (11)
 L - a wand of polymorph (8)
Scrolls
 g - 5 scrolls of vulnerability
 h - 29 scrolls of teleportation
 j - 7 scrolls of blinking
 m - 7 scrolls of immolation
 n - 7 scrolls of poison
 p - a scroll of silence
 s - 10 scrolls of fog
 w - 3 scrolls of amnesia
 y - 8 scrolls of fear
 M - 2 scrolls of summoning
 U - 3 scrolls of magic mapping
Potions
 a - 6 potions of magic
 e - 3 potions of haste
 f - 6 potions of berserk rage
 i - 26 potions of curing
 k - 11 potions of mutation
 o - 4 potions of resistance
 q - 6 potions of attraction
 r - 6 potions of heal wounds
 t - 8 potions of invisibility
 z - 5 potions of cancellation
 A - 12 potions of ambrosia
 C - 11 potions of brilliance
 X - 4 potions of might
 Z - 4 potions of lignification
Miscellaneous
 G - a phantom mirror
 I - a phial of floods
 J - a condenser vane
 R - a condenser vane
 S - a tin of tremorstones (2/2)
 V - a phantom mirror


   Skills:
 - Level 21.0 Fighting
 - Level 21.0 Dodging
 - Level 2.8 Stealth
 O Level 27 Unarmed Combat
 - Level 16.0 Spellcasting
 - Level 7.0 Hexes
 - Level 13.0 Summonings
 - Level 21.0 Translocations
 - Level 20.0 Transmutations
 + Level 17.9 Air Magic


You had 9 spell levels left.
You knew the following spells:

 Your Spells              Type           Power      Damage    Failure   Level
a - Summon Forest         Summ/Tloc      59%        N/A       1%          5
b - Manifold Assault      Tloc           100%       N/A       1%          5
c - Silence               Hex/Air        52%        N/A       1%          5
d - Summon Lightning Spi  Summ/Air       100%       N/A       1%          4
e - Storm Form            Tmut/Air       61%        N/A       3%          7
f - Summon Cactus Giant   Summ           53%        N/A       4%          6
g - Summon Mana Viper     Hex/Summ       95%        N/A       3%          5
h - Wereblood             Tmut           100%       N/A       1%          2
i - Malign Gateway        Summ/Tloc      59%        N/A       4%          7
j - Blink                 Tloc           100%       N/A       1%          2

Your spell library contained the following spells:

 Spells                   Type           Power      Damage    Failure   Level
 Shock                    Conj/Air       100%       1d9       1%          1
 Slow                     Hex            100%       N/A       1%          1
 Summon Small Mammal      Summ           100%       N/A       1%          1
 Call Imp                 Summ           100%       N/A       1%          2
 Call Canine Familiar     Summ           100%       N/A       1%          3
 Confusing Touch          Hex            83%        N/A       1%          3
 Lesser Beckoning         Tloc           100%       N/A       1%          3
 Summon Guardian Golem    Hex/Summ       95%        N/A       1%          3
 Tukima's Dance           Hex            83%        N/A       1%          3
 Iskenderun's Mystic Bla  Conj/Tloc      97%        2d19      1%          4
 Petrify                  Tmut/Erth      95%        N/A       1%          4
 Blade Hands              Tmut           63%        N/A       1%          5
 Dispersal                Tloc           64%        N/A       1%          6
 Ignite Poison            Fire/Tmut/Pois 81%        N/A       2%          3
 Mephitic Cloud           Conj/Pois/Air  78%        N/A       2%          3
 Dragon Form              Tmut           63%        N/A       2%          7
 Irradiate                Conj/Tmut      47%        3d27      3%          5
 Dazzling Flash           Conj/Hex       100%       N/A       4%          3
 Inner Flame              Hex/Fire       65%        N/A       4%          3
 Cause Fear               Hex            41%        N/A       4%          4
 Summon Ice Beast         Ice/Summ       81%        N/A       4%          4
 Corpse Rot               Necr/Pois/Air  78%        N/A       5%          4
 Foxfire                  Conj/Fire      100%       2x1d9     6%          1
 Freeze                   Ice            100%       1d11      6%          1
 Magic Dart               Conj           100%       1d8       6%          1
 Disjunction              Tloc           64%        N/A       6%          8
 Scorch                   Fire           78%        2d8       8%          2
 Searing Ray              Conj           78%        2d7       8%          2
 Sublimation of Blood     Necr           39%        N/A       8%          2
 Anguish                  Hex/Necr       32%        N/A       11%         4
 Fulminant Prism          Conj/Hex       32%        3d16      11%         4
 Leda's Liquefaction      Hex/Erth       32%        N/A       11%         4
 Freezing Cloud           Conj/Ice/Air   39%        6-21      11%         5
 Eringya's Noxious Bog    Tmut/Pois      47%        N/A       11%         6
 Statue Form              Tmut/Erth      63%        N/A       11%         6
 Frozen Ramparts          Ice            78%        1d12      13%         3
 Vampiric Draining        Necr           39%        2d8       13%         3
 Conjure Ball Lightning   Conj/Air       45%        3x3d16    16%         6
 Monstrous Menagerie      Summ           53%        N/A       16%         7
 Summon Hydra             Summ           53%        N/A       16%         7
 Maxwell's Capacitive Co  Air            60%        ∞         17%         8
 Metabolic Englaciation   Hex/Ice        32%        N/A       24%         5
 Animate Dead             Necr           39%        N/A       32%         4
 Flame Wave               Conj/Fire      39%        2d11      32%         4
 Hailstorm                Conj/Ice       39%        3d9       32%         4
 Olgreb's Toxic Radiance  Pois           39%        N/A       32%         4
 Sticky Flame             Conj/Fire      39%        2d6       32%         4
 Agony                    Necr           39%        N/A       61%         5
 Borgnjor's Vile Clutch   Necr/Erth      19%        N/A       61%         5
 Iskenderun's Battlesphe  Conj           39%        2d9       61%         5
 Lee's Rapid Deconstruct  Erth           19%        3d12*     61%         5
 Enfeeble                 Hex            41%        N/A       78%         7
 Haunt                    Necr/Summ      40%        N/A       85%         7
 Spellforged Servitor     Conj/Summ      40%        N/A       85%         7
 Necromutation            Tmut/Necr      47%        N/A       95%         8
 Death Channel            Necr           19%        N/A       98%         6
 Iron Shot                Conj/Erth      19%        9d4       98%         6
 Simulacrum               Ice/Necr       19%        N/A       98%         6
 Starburst                Conj/Fire      19%        6d7       98%         6
 Ozocubu's Refrigeration  Ice            19%        4d11      100%        7
 Borgnjor's Revivificati  Necr           19%        N/A       100%        8
 Discord                  Hex            41%        N/A       100%        8
 Ignition                 Fire           19%        3d7       100%        8
 Infestation              Necr           19%        N/A       100%        8
 Death's Door             Necr           19%        N/A       100%        9
 Dragon's Call            Summ           53%        N/A       100%        9
 Polar Vortex             Ice            19%        N/A       100%        9
 Portal Projectile        Hex/Tloc       Unusable   N/A       N/A         3

Dungeon Overview and Level Annotations

Branches:
Dungeon (15/15)            Temple (1/1) D:4            Lair (5/5) D:10
  Swamp (4/4) Lair:2       Spider (4/4) Lair:3        Slime (5/5) Lair:4
    Orc (2/2) D:11            Elf (3/3) Orc:2        Vaults (5/5) D:13
  Crypt (3/3) Vaults:3       Tomb (1/3) Crypt:3      Depths (4/4) D:15
    Zot (5/5) Depths:4     Bailey (visited)          WizLab (visited)
Gauntlet (visited)

Altars:
Ashenzari
Cheibriados
Dithmenos
Elyvilon
Fedhas
Gozag
Hepliaklqana
Kikubaaqudgha
Makhleb
Nemelex Xobeh
Okawaru
Qazlal
Ru
Sif Muna
Trog
Uskayaw
Vehumet
Wu Jian
Xom
Yredelemnul
Zin
The Shining One
Jiyva

Shops:
D:9 ([   D:11 (*?*[   D:13 :   Orc:1 [   Orc:2 *?:?   Elf:1 **[   Lair:2 =:
Lair:3 ?   Swamp:1 =?:

Portals:
Hell: Depths:1 Depths:2 Depths:3 Depths:4
Abyss: Depths:3 Depths:4
Pandemonium: Depths:2
Ziggurat: Depths:2
Trove: D:14 (show slimy rune of Zot)

Annotations:
Swamp:4 3 runed translucent doors, Gabide's ghost, adept BaMo
Slime:5 Royal Jelly
Elf:2 3 runed translucent doors
Crypt:2 2 transporters, exclusion: orange crystal statue
Depths:4 4 runed translucent doors


Innate Abilities, Weirdness & Mutations

You are a lightning-filled tempest!
Your electrical attacks strike out in all directions at once.
You are incredibly evasive.
Your insubstantial body is immune to petrification, constriction, and being set on fire You are flying.
You are immune to poison.
((You have sharp claws.))
((You have razor-sharp teeth.))
You have supernaturally acute eyesight. (SInv)
((You cover ground quickly. (Speed+)))
((Your thick and shaggy fur keeps you warm. (AC +3, rC+)))
((Your paws help you pounce on unaware monsters.))
You are incapable of wielding weapons or throwing items.
You cannot wear armour.
You gain extra lives every three experience levels.
((You are partially covered in large bone plates. (SH +4)))
You are agile. (Dex +4, Str/Int -1)
You are strong-willed. (Will+)
You regenerate.
Your spells are harder to cast, but more powerful.
((Your rubbery body absorbs attacks. (AC +1, EV +1)))
((Armour fits poorly on your pseudopods.))


Message History

Space momentarily warps into an impossible shape!
You buffet the Ice Fiend!
Space momentarily warps into an impossible shape!
You blast the Ice Fiend!!!!
You kill the Ice Fiend!
You bellow as the wereblood boils in your veins!
You bellow as the wereblood boils in your veins!
Ozaixeh comes into view. It is armed with an electric touch.
You feel yourself speed up.
Press: ? - help, v - describe, . - travel
Here: Ozaixeh, armed with an electric touch The floor.
You bellow as the wereblood boils in your veins!
There is an escape hatch in the ceiling here.
A mysterious force pulls you upwards. The hatch slams shut behind you.
You bellow as the wereblood boils in your veins!
You bellow as the wereblood boils in your veins!
You bellow as the wereblood boils in your veins!
Things that are here:
a +0 chain mail; a +0 dagger Your primal bloodlust is almost over.
There is a stone staircase leading up here.
You fly upwards.
There is a stone staircase leading down here.
(D) Dungeon (T) Temple (L) Lair (S) Swamp (N) Spider Nest (M) Slime Pits (O) Orcish Mines (E) Elven Halls (V) Vaults (C) Crypt (W) Tomb (U) Depths (H) Hell (Z) Zot
Where to? (Enter - D:3 @ (x,y), ? - help)
What level of the Dungeon? (default 1, ? - help)
You bellow as the wereblood boils in your veins!
Your primal bloodlust has ended.
There is a stone staircase leading up here.
You fly upwards.
There is a stone staircase leading down here.
Your extra speed is starting to run out.
You feel yourself slow down.
Your transformation is almost over.
There is a staircase leading out of the dungeon here.
You have escaped!

#.###.#.....###.#.####.#
#..
#.#..........>.....>...#
###
....#.###.#....♣♣♣..####
# #.###.# #.#..♣♣♣♣♣♣♣.##
# #.# #.#
#.#.♣♣♣∩∩∩♣♣♣.## #
..###.# #...♣♣∩...∩♣...#
# #.....#
#..♣♣♣......♣♣.## #######
#..♣♣∩.♣.♣.∩♣♣..#
#......♣v♣.∩♣♣..# ######
##..♣♣∩.♣.♣.∩♣♣..# .....#
#...♣♣♣.....♣♣♣..# ##
####.###....♣♣∩...∩.....#
##.
#...........♣♣♣∩∩∩♣♣....#
#..
..##.###...#.♣♣♣♣♣♣♣.#.##
#..
####.##.....#..♣♣♣...#.#
##.. #
#..###...##⌠.....>...#
#... #
##..##........######.#
#...


There were no monsters in sight!

Vanquished Creatures
  Dissolution (Slime:4)
  5 dread liches
  An ancient lich (Zot:5)
  7 orbs of fire
  Mennas (Crypt:1)
  Mara (Spider:3)
  2 juggernauts
  Sojobo (Vaults:5)
  5 Killer Klowns
  A curse toe (Crypt:3)
  Saint Roka (Orc:2)
  9 golden dragons
  Xtahua (Depths:3)
  A pandemonium lord (D:6)
  Jory (Vaults:5)
  2 bone dragons (Depths:4)
  4 electric golems
  A hellephant (Zot:2)
  12 tentacled monstrosities
  2 Hell Sentinels (D:6)
  2 Ice Fiends
  6 liches
  A shard shrike skeleton (Crypt:2)
  10 acid blobs
  29 Orb Guardians
  8 titans
  Gastronok (D:12)
  6 quicksilver dragons
  6 death cobs
  10 sphinxes
  4 deep elf master archers (Elf:3)
  15 ancient champions
  Donald (Crypt:2)
  Agnes (Spider:2)
  Frances (Spider:2)
  6 tengu reavers
  Kirke (Swamp:3)
  5 draconian monks
  10 storm dragons
  12 shadow dragons
  A thorn hunter (Swamp:2)
  4 fire giants
  6 azure jellies
  Roxanne (Spider:1)
  6 revenants
  5 rockslimes
  7 draconian knights
  4 emperor scorpions
  14 vault wardens
  2 iron dragons
  An orc warlord (Vaults:3)
  8 draconian scorchers
  5 ghouls (Crypt:2)
  7 frost giants
  A balrug (D:14)
  8 ghost moths
  3 draconian shifters
  8 deep elf sorcerers
  2 curse skulls
  A juggernaut zombie (Crypt:3)
  2 spectral caustic shrikes (WizLab)
  4 draconian stormcallers
  4 deep elf elementalists (Elf:3)
  A demonspawn corrupter (Depths:1)
  2 war gargoyles (Vaults:2)
  6 quicksilver oozes
  A reaper (Crypt:3)
  5 draconian annihilators
  16 very ugly things
  5 ironbound thunderhulks
  15 ironbound preservers
  6 vampire knights
  15 stone giants
  A broodmother (Spider:4)
  Nessos (D:13)
  15 green draconians
  A demonspawn black sun (Depths:1)
  A lorocyproca (Depths:1)
  10 red draconians
  6 deep elf demonologists
  13 deep elf annihilators
  4 spectral titans (WizLab)
  15 yellow draconians
  4 entropy weavers
  3 eleionomae
  14 purple draconians
  17 spark wasps
  15 black draconians
  17 white draconians
  10 dire elephants
  6 halazid warlocks (WizLab)
  3 eidola
  5 deep elf death magi
  5 mummy priests
  A green death (Crypt:3)
  16 ettins
  16 jiangshi
  6 fire dragons
  5 deep elf high priests
  11 great orbs of eyes
  A hell beast (Depths:3)
  A shambling mangrove (Swamp:4)
  13 yaktaur captains
  32 vault guards
  9 ice dragons
  A rakshasa (Depths:1)
  10 boulder beetles
  A ghost crab (Swamp:4)
  2 jorogumos
  A juggernaut simulacrum (Depths:1)
  A peacekeeper (Vaults:2)
  4 ogre magi
  7 ironbound frosthearts
  A catoblepas (D:15)
  A radroach (Spider:3)
  A spriggan air mage (Depths:4)
  4 tengu warriors
  4 hydras
  2 death knights
  6 centaur warriors
  5 dancing weapons
  Erica (D:10)
  5 two-headed ogres
  5 alligators
  8 deep troll shamans
  4 deep troll earth magi
  A bennu skeleton (Crypt:1)
  6 death scarabs
  10 vampire magi
  A titan zombie (WizLab)
  5 spriggan berserkers
  3 soul eaters
  5 hell knights
  22 deep elf knights
  5 sun demons
  A sixfirhy (Zot:5)
  7 shadow wraiths
  8 iron trolls
  A spectral spark wasp (WizLab)
  2 pharaoh ants
  A spark wasp zombie (WizLab)
  5 steelbarb worms
  A spectral death yak (Gauntlet)
  27 skeletal warriors
  3 sun moths (Spider:4)
  A spectral catoblepas (Gauntlet)
  53 deep trolls
  8 flayed ghosts
  4 goliath frogs
  Lodul (D:14)
  A spriggan druid (Swamp:2)
  13 phantasmal warriors
  4 bog bodies
  An obsidian statue (Gauntlet)
  A shadow demon (Zot:3)
  5 orb spiders
  5 wizards
  A sphinx zombie (Crypt:3)
  2 swamp dragons
  7 necromancers
  16 deep elf archers
  A glowing orange brain (Vaults:2)
  11 lindwurms
  21 deep elf zephyrmancers
  A spectral wolf spider (WizLab)
  11 ironbound convokers
  4 manticores
  24 ugly things
  17 wolf spiders
  An iron dragon zombie (Crypt:3)
  22 deep elf pyromancers
  4 orc knights
  A spectral spriggan (WizLab)
  8 shining eyes
  4 will-o-the-wisps
  A goliath frog skeleton (Crypt:3)
  23 moths of wrath
  A fire giant zombie (Depths:1)
  8 elephants
  4 cyclopes
  A fire giant skeleton (Depths:1)
  2 rust devils
  A human skeleton (Vaults:4)
  A guardian serpent (shapeshifter) (D:14)
  2 eyes of devastation
  A centaur zombie (Tomb:1)
  An orange demon (Depths:3)
  18 vault sentinels
  A cane toad (Lair:5)
  A titan simulacrum (Crypt:3)
  A gargoyle (D:12)
  A yaktaur zombie (Vaults:4)
  A dire elephant skeleton (Crypt:2)
  An unseen horror (Crypt:3)
  3 torpor snails
  7 demonic crawlers
  A rime drake (Lair:5)
  2 ice devils
  17 yaktaurs
  7 freezing wraiths
  A komodo dragon (D:13)
  2 red devils
  2 tengu conjurers
  A red draconian skeleton (Crypt:2)
  3 harpy zombies
  A spectral harpy (WizLab)
  12 guardian mummies
  A black draconian zombie (Crypt:2)
  A bloated husk (Swamp:4)
  6 meliai
  A minotaur skeleton (Crypt:3)
  A harpy skeleton (Crypt:2)
  4 hornets
  2 trolls
  A tengu simulacrum (Crypt:3)
  86 slime creatures
  2 tyrant leeches
  A snapping turtle (shapeshifter) (Depths:1)
  A dream sheep (shapeshifter) (Crypt:3)
  20 tarantellas
  2 blink frogs (Lair:5)
  34 jumping spiders
  2 spriggan zombies (Depths:1)
  3 spriggans
  8 water elementals
  22 culicivoras
  16 flying skulls
  A dire elephant simulacrum (Crypt:2)
  6 ushabtiu
  A large abomination (Crypt:3)
  A shadow (D:13)
  2 air elementals (Elf:2)
  10 wraiths
  Eustachio (D:5)
  2 yaks (D:11)
  10 humans (Zot:2)
  2 black mamba skeletons
  4 fire elementals
  2 swamp worm simulacra (Swamp:4)
  2 neqoxecs (D:6)
  14 vampire mosquitoes
  4 golden eyes
  A basilisk (D:12)
  78 redbacks
  3 wargs
  A chaos spawn (Crypt:3)
  12 swamp worms
  12 hydra simulacra (Swamp:4)
  A water nymph skeleton (Crypt:3)
  A merfolk skeleton (Crypt:2)
  A nameless horror (Zot:3)
  A naga skeleton (Crypt:2)
  19 orc warriors
  A swamp drake (Swamp:1)
  A two-headed ogre skeleton (Crypt:3)
  6 boggarts
  8 wolves (Lair:5)
  13 ogres
  A swamp dragon zombie (Crypt:2)
  A dream sheep skeleton (Crypt:2)
  A small abomination (Crypt:3)
  A phantom (Crypt:3)
  A vine stalker zombie (Crypt:1)
  A rime drake skeleton (Crypt:1)
  2 earth elementals (Elf:1)
  2 naga simulacra (Crypt:3)
  A scorpion (Crypt:3)
  A komodo dragon skeleton (Crypt:2)
  A shapeshifter zombie (Crypt:3)
  A dream sheep simulacrum (Lair:5)
  A killer bee (D:6)
  A howler monkey (D:13)
  A human zombie (Crypt:1)
  4 orc priests
  A scorpion zombie (Crypt:3)
  15 orc wizards
  A sky beast zombie (Crypt:1)
  A deep dwarf skeleton (Crypt:1)
  A hound skeleton (Crypt:1)
  5 mummies (Tomb:1)
  2 white imps (Gauntlet)
  4 swamp drake simulacra (Swamp:4)
  A lava snake skeleton (Crypt:2)
  36 orcs
  A ball python skeleton (Crypt:2)
  A goblin zombie (Crypt:2)
  An orc skeleton (Crypt:3)
  A quokka skeleton (Crypt:1)
  6 briar patches (Swamp:2)
1750 creatures vanquished.

Vanquished Creatures (collateral kills)
  3 orbs of fire (Zot:5)
  A golden dragon (Zot:3)
  Nikola (Swamp:4)
  Jorgrun (Orc:2)
  2 deep elf blademasters (Elf:3)
  A titan (Vaults:5)
  An acid blob (Slime:1)
  An ancient champion (Crypt:3)
  A tengu reaver (Vaults:5)
  An azure jelly (Slime:1)
  4 storm dragons
  3 emperor scorpions (Spider:4)
  A draconian scorcher (Zot:1)
  An orc warlord (Vaults:1)
  A vault warden (Vaults:3)
  2 ironbound preservers
  3 very ugly things
  A deep elf elementalist (Elf:3)
  A vampire knight (Depths:1)
  2 deep elf annihilators (Elf:3)
  An eleionoma (Swamp:3)
  A minotaur (Gauntlet)
  Azrael (D:13)
  A black draconian (Zot:1)
  2 green draconians
  A red draconian (Zot:4)
  A bunyip (Swamp:4)
  2 dire elephants (Vaults:1)
  A purple draconian (Zot:2)
  An entropy weaver (Spider:3)
  A deep elf death mage (Elf:3)
  A jiangshi (Crypt:1)
  2 shambling mangroves (Swamp:3)
  A yaktaur captain (Vaults:5)
  A deep elf high priest (Vaults:5)
  Josephine (D:13)
  3 vault guards
  3 hydras
  An ice dragon (Swamp:4)
  2 boulder beetles
  An ogre mage (Orc:2)
  A jorogumo (Spider:1)
  7 two-headed ogres
  A catoblepas (Lair:3)
  3 alligators
  A centaur warrior (D:13)
  A death knight (D:13)
  9 dancing weapons
  2 death yaks (Lair:3)
  A tengu warrior (D:13)
  A vampire mage (Vaults:3)
  Urug (Lair:3)
  A deep elf knight (Elf:3)
  9 skeletal warriors
  A pharaoh ant (Spider:2)
  2 steelbarb worms
  2 goliath frogs
  8 deep trolls
  A fire crab (Lair:3)
  3 swamp dragons
  3 orb spiders
  A flayed ghost (Vaults:5)
  A bog body (Swamp:1)
  A lindwurm (Vaults:3)
  A deep elf archer (Elf:1)
  A phantasmal warrior (Vaults:5)
  3 orc knights
  3 deep elf zephyrmancers
  A necromancer (Vaults:4)
  4 deep elf pyromancers
  2 manticores
  5 wolf spiders
  A human zombie (Vaults:4)
  A will-o-the-wisp (Swamp:1)
  7 ugly things
  2 cyclopes
  A moth of wrath (Zot:2)
  A vault sentinel (Vaults:4)
  Joseph (Lair:1)
  10 elephants
  8 black mambas
  2 molten gargoyles (Lair:5)
  An orange demon (Lair:1)
  7 cane toads
  4 rime drakes
  8 komodo dragons
  A kobold demonologist (D:10)
  A yaktaur (D:15)
  A freezing wraith (Swamp:4)
  4 trolls
  A guardian mummy (Crypt:3)
  4 polar bears (Lair:5)
  A bloated husk (Swamp:2)
  3 meliai
  7 hornets
  Prince Ribbit (Bailey)
  23 blink frogs
  A tyrant leech (Swamp:3)
  7 dream sheep (Lair:5)
  3 tarantellas
  Grinder (D:5)
  8 slime creatures
  5 culicivoras
  16 spriggans
  2 air elementals (Elf:2)
  2 jumping spiders
  5 wraiths
  A water elemental (Elf:3)
  A hog (Swamp:3)
  3 wyverns
  17 yaks
  A human (Bailey)
  2 basilisks
  2 steam dragons
  6 vampire mosquitoes
  26 redbacks
  2 swamp worms
  Menkaure (D:7)
  A spectral cane toad (Gauntlet)
  2 acid dragons (D:12)
  15 water moccasins
  4 hell hounds (D:13)
  4 hydra simulacra
  8 orc warriors
  A sky beast (D:8)
  4 black bears
  21 wolves
  16 ogres
  3 boggarts (Lair:5)
  2 centaurs
  A phantom (D:5)
  2 kobold brigands
  A necrophage (D:7)
  17 bullfrogs
  2 scorpions (D:5)
  8 wights (D:9)
  A dream sheep simulacrum (Lair:5)
  9 killer bees
  4 howler monkeys
  2 nameless horrors
  2 hounds
  8 orc priests
  8 orc wizards
  2 gnoll boudas
  8 iguanas
  A hell rat (Crypt:3)
  15 gnolls
  2 adders
  4 white imps
  2 swamp drake simulacra (Swamp:4)
  6 worms
  4 dart slugs
  63 orcs
  6 ball pythons
  9 endoplasms
  5 giant cockroaches
  11 goblins
  9 hobgoblins
  6 jackals
  14 kobolds
  3 bats
  4 rats
675 creatures vanquished.

Vanquished Creatures (others)
  Arachne (Spider:2)
  Rupert (Orc:2)
  8 eldritch tentacles
  An azure jelly (Depths:2)
  A draconian knight (Zot:1)
  An eleionoma (Swamp:3)
  3 ettins
  Fannar (Lair:1)
  Harold (D:10)
  2 vault guards (Bailey)
  3 hydras
  A centaur warrior (Vaults:2)
  3 two-headed ogres (Orc:2)
  Amaemon (Lair:1)
  2 skeletal warriors
  A deep elf knight (Elf:2)
  A deep troll (Depths:2)
  The ghost of
  112233 the Nimble, a novice FeFi (Lair:5)
  A deep elf zephyrmancer (Elf:1)
  6 ugly things
  A cyclops (D:13)
  A manticore (D:13)
  11 elephants
  A guardian serpent (shapeshifter) (Vaults:5)
  A black mamba (Lair:4)
  2 cane toads
  A yaktaur (shapeshifter) (Depths:2)
  A komodo dragon (Lair:2)
  3 trolls
  2 bloated husks
  5 polar bears
  A slime creature (shapeshifter) (Vaults:5)
  A blink frog (Lair:4)
  A hornet (Lair:5)
  2 dream sheep (Lair:5)
  2 culicivoras
  An air elemental (Elf:2)
  A spriggan (Lair:5)
  A shadow (D:11)
  13 yaks
  A human (Bailey)
  A basilisk (Lair:1)
  A wyvern (D:8)
  A vampire mosquito (D:13)
  2 floating eyes
  2 wargs (Orc:2)
  An acid dragon (D:7)
  2 water moccasins
  A floating eye (shapeshifter) (Vaults:5)
  3 orc warriors
  A black bear (D:5)
  6 ogres
  A black mamba simulacrum (Lair:5)
  A wolf (Lair:5)
  A centaur (D:9)
  2 bullfrogs
  2 cane toad simulacra (Lair:5)
  91 jellies
  7 wights
  A dream sheep simulacrum (Lair:5)
  A gnoll bouda (D:4)
  2 orc priests (Orc:1)
  An iguana (D:5)
  6 orc wizards
  4 orcs
  13 foxfires
  55 fungi
  101 plants
  32 snaplasher vines
435 creatures vanquished.

Grand Total: 2860 creatures vanquished

Notes
Turn   | Place    | Note
-------+----------+-------------------------------------------
     0 | D:1      | MacCMillion the Felid Summoner began the quest for the Orb.
     0 | D:1      | Reached XP level 1. HP: 7/7 MP: 4/4
   406 | D:1      | Reached XP level 2. HP: 11/11 MP: 3/6
   736 | D:1      | Reached XP level 3. HP: 12/14 MP: 4/8
   740 | D:1      | Learned a level 3 spell: Call Canine Familiar
   879 | D:1      | Found a faded altar of an unknown god.
  1986 | D:2      | Reached XP level 4. HP: 18/18 MP: 3/9
  2100 | D:2      | Learned a level 3 spell: Summon Guardian Golem
  2770 | D:3      | Reached skill level 5 in Summonings
  3125 | D:3      | Reached skill level 1 in Hexes
  3346 | D:3      | Reached XP level 5. HP: 21/21 MP: 4/10
  3649 | D:4      | Found a sparkling altar of Nemelex Xobeh.
  3747 | D:4      | Reached skill level 1 in Fighting
  4213 | D:4      | Gained mutation: You are covered in thick fur. (AC +2)
                  | [Felid growth]
  4213 | D:4      | Reached XP level 6. HP: 25/25 MP: 7/12
  4411 | D:4      | Found a staircase to the Ecumenical Temple.
  4564 | Temple   | Entered the Ecumenical Temple
  4796 | Temple   | Became a worshipper of Gozag Ym Sagoz the Greedy
  5238 | D:5      | Entered Level 5 of the Dungeon
  5338 | D:5      | Noticed a water moccasin
  5570 | D:5      | Reached skill level 5 in Hexes
  5570 | D:5      | Reached XP level 7. HP: 30/30 MP: 6/13
  5575 | D:5      | Learned a level 4 spell: Summon Lightning Spire
  5918 | D:5      | Noticed Eustachio
  6128 | D:5      | Noticed Grinder
  6178 | D:5      | Killed Grinder
  6179 | D:5      | Reached skill level 5 in Dodging
  6179 | D:5      | Reached skill level 1 in Air Magic
  6480 | D:5      | You fall into a shaft and drop 2 floors!
  7085 | D:6      | Reached XP level 8. HP: 34/34 MP: 11/15
  7303 | D:6      | Noticed a seven-headed hydra
  7545 | D:6      | Killed a seven-headed hydra
  7546 | D:6      | Reached skill level 5 in Spellcasting
  7608 | D:6      | Noticed a troll
  7618 | D:6      | Killed a troll
  7844 | D:6      | Reached XP level 9. HP: 39/39 MP: 14/17
  9758 | D:7      | Noticed a troll
  9918 | D:7      | Reached skill level 5 in Fighting
  9947 | D:7      | Killed a troll
 10285 | D:7      | Noticed Menkaure
 10304 | D:7      | Killed Menkaure
 11468 | D:8      | Reached XP level 10. HP: 45/45 MP: 14/20
 11575 | D:9      | Found a flagged portal.
 11599 | Bailey   | Entered a bailey
 11751 | Bailey   | Reached skill level 5 in Air Magic
 11905 | Bailey   | Noticed a vault guard
 11922 | Bailey   | Killed a vault guard
 11925 | Bailey   | Noticed Prince Ribbit
 11942 | Bailey   | Noticed a vault guard
 11980 | Bailey   | Killed a vault guard
 11986 | Bailey   | Killed Prince Ribbit
 12654 | D:9      | Found Ziukhly's Antique Armour Boutique.
 12676 | D:9      | Found the ring of the Octopus King {HP+2 MP+9 AC+2 EV+2
                  | SH+2}
 12774 | D:9      | Found Mudiwnom's Weapon Shoppe.
 13912 | D:10     | Entered Level 10 of the Dungeon
 13937 | D:10     | Noticed a two-headed ogre
 13953 | D:10     | Killed a two-headed ogre
 13954 | D:10     | Reached skill level 10 in Dodging
 13954 | D:10     | Reached XP level 11. HP: 50/50 MP: 23/23
 14049 | D:10     | Noticed Harold
 14060 | D:10     | Killed Harold
 14430 | D:10     | Found a staircase to the Lair.
 14535 | D:10     | Noticed Erica
 14960 | D:10     | Found a white marble altar of Elyvilon.
 14964 | D:10     | Found a shimmering blue altar of Sif Muna.
 14964 | D:10     | Found a sacrificial altar of Ru.
 15315 | Lair:1   | Entered Level 1 of the Lair of Beasts
 15376 | Lair:1   | Noticed Fannar
 15462 | Lair:1   | Killed Fannar
 15474 | Lair:1   | Noticed Joseph
 15613 | Lair:1   | Killed Joseph
 15754 | Lair:1   | Noticed Amaemon
 15769 | Lair:1   | Killed Amaemon
 16218 | Lair:1   | Reached skill level 10 in Summonings
 17023 | Lair:2   | Gained mutation: Your thick and shaggy fur keeps you warm.
                  | (AC +3, rC+) [Felid growth]
 17023 | Lair:2   | Reached XP level 12. HP: 56/56 MP: 23/25
 17249 | Lair:2   | Found a staircase to the Swamp.
 18720 | Lair:3   | Noticed a six-headed hydra
 18917 | Lair:3   | Noticed Urug
 18932 | Lair:3   | Killed Urug
 19148 | Lair:2   | Learned a level 7 spell: Storm Form
 19200 | Lair:3   | Reached skill level 1 in Transmutations
 19364 | Lair:3   | Killed a six-headed hydra
 20123 | Lair:3   | Reached skill level 5 in Transmutations
 20274 | Lair:3   | Found a hole to the Spider Nest.
 20283 | Lair:3   | Killed by an exploding themself... ignited by their inner
                  | flame
 20284 | Lair:3   | Reached XP level 11. HP: -18/56 MP: 16/34
 20296 | Lair:3   | Noticed a catoblepas
 20352 | Lair:3   | Killed a catoblepas
 20468 | Lair:3   | Noticed a fire crab
 20468 | Lair:3   | Noticed a death yak
 20630 | Lair:3   | Killed a fire crab
 20683 | Lair:3   | Bought a scroll of identify for 32 gold pieces
 20683 | Lair:3   | Bought 2 scrolls of identify for 64 gold pieces
 20683 | Lair:3   | Bought a scroll of identify for 32 gold pieces
 20683 | Lair:3   | Bought a scroll of amnesia for 64 gold pieces
 20700 | Lair:3   | Noticed a death yak
 20729 | Lair:3   | Killed a death yak
 20743 | Lair:3   | Reached XP level 12. HP: 46/58 MP: 10/26
 20991 | Lair:3   | Killed a death yak
 21421 | Lair:4   | Reached skill level 10 in Transmutations
 22951 | Lair:4   | Reached XP level 13. HP: 61/61 MP: 27/27
 23100 | Lair:4   | Found a staircase to the Slime Pits.
 23335 | Lair:5   | Entered Level 5 of the Lair of Beasts
 23563 | Lair:5   | Learned a level 7 spell: Dragon Form
 24468 | Lair:5   | Noticed 112233's ghost (novice FeFi)
 24642 | Lair:5   | Reached skill level 15 in Transmutations
 25945 | Lair:5   | Found a runed translucent gate.
 25945 | Lair:5   | Found a runed translucent gate.
 25945 | Lair:5   | Found a runed translucent gate.
 26714 | Lair:5   | Reached skill level 1 in Unarmed Combat
 26752 | Lair:5   | Killed 112233's ghost
 26753 | Lair:5   | Reached XP level 14. HP: 65/65 MP: 13/28
 26902 | Lair:5   | Got the ring "Dabenej" {Fire Contam Str+2 Dex+3 SInv}
 27087 | D:10     | Killed Erica
 27088 | D:10     | Reached skill level 2 in Unarmed Combat
 27516 | D:5      | Killed Eustachio
 27517 | D:5      | Reached skill level 10 in Fighting
 27774 | D:11     | Found Bakiuz's General Store.
 27847 | D:11     | Found a staircase to the Orcish Mines.
 27945 | D:11     | Found a gate leading to a gauntlet.
 27954 | Gauntlet | Entered a Gauntlet
 27954 | Gauntlet | Found a transporter.
 27954 | Gauntlet | Found a transporter.
 27955 | Gauntlet | Found a transporter.
 27955 | Gauntlet | Found a transporter.
 27958 | Gauntlet | Found a transporter.
 27958 | Gauntlet | Found a transporter.
 27972 | Gauntlet | Found a transporter.
 27974 | Gauntlet | Found a transporter.
 27982 | Gauntlet | Found a transporter.
 27986 | Gauntlet | Found a transporter.
 27986 | Gauntlet | Found a transporter.
 28082 | Gauntlet | Found a transporter.
 28195 | Gauntlet | Identified the ring of Dishonesty {Fly rC+ Str+4 Stlth-}
 28231 | Gauntlet | Reached skill level 3 in Unarmed Combat
 28327 | Gauntlet | Identified the +2 cloak of Lesootzion {-Tele rCorr Dex+6}
 28647 | D:11     | Found Diotiar's Assorted Antiques.
 28682 | D:11     | Found Oblewir's Antique Weapon Shoppe.
 28752 | D:11     | Learned a level 5 spell: Summon Mana Viper
 28805 | D:11     | Found Mefof's Magic Scroll Shoppe.
 28862 | D:11     | Found Ulicouff's Antique Armour Emporium.
 29266 | Orc:1    | Entered Level 1 of the Orcish Mines
 29727 | Orc:1    | Found Cykaurph's Armour Shoppe.
 29835 | Orc:2    | Entered Level 2 of the Orcish Mines
 29911 | Orc:2    | Noticed Jorgrun
 29914 | Orc:2    | Reached skill level 4 in Unarmed Combat
 30013 | Orc:2    | Found a staircase to the Elven Halls.
 30014 | Orc:2    | Noticed Saint Roka
 30380 | Orc:2    | Noticed Rupert
 30706 | Orc:2    | Killed Saint Roka
 31097 | Orc:2    | Reached skill level 5 in Unarmed Combat
 31204 | Orc:2    | Killed Rupert
 31238 | Orc:2    | Killed Jorgrun
 31574 | Orc:2    | Reached XP level 15. HP: 71/71 MP: 23/29
 31840 | Orc:2    | Found Qikogh's General Store.
 31840 | Orc:2    | Found Hetacel's Book Shoppe.
 31841 | Orc:2    | Found Ciag's Magic Scroll Shoppe.
 31841 | Orc:2    | Found Cumuip's Magic Scroll Boutique.
 32157 | Orc:2    | Bought a scroll of magic mapping for 127 gold pieces
 32356 | D:12     | Noticed Gastronok
 32371 | D:12     | Killed Gastronok
 32372 | D:12     | Reached skill level 6 in Unarmed Combat
 33518 | D:13     | Noticed Nessos
 33674 | D:13     | Found a gate to the Vaults.
 34106 | D:13     | Reached skill level 10 in Air Magic
 34227 | D:13     | Noticed Azrael
 34255 | D:13     | Killed Nessos
 34272 | D:13     | Killed Azrael
 34321 | D:13     | Bought a Fen Folio for 630 gold pieces
 34389 | D:13     | Noticed Josephine
 34398 | D:13     | Killed Josephine
 34896 | D:14     | Reached skill level 10 in Spellcasting
 34963 | D:14     | Noticed Lodul
 34975 | D:14     | Killed Lodul
 35598 | D:14     | Learned a level 5 spell: Summon Forest
 35659 | D:14     | Reached skill level 1 in Translocations
 35831 | D:14     | Found a portal to a secret trove of treasure.
 36060 | D:15     | Entered Level 15 of the Dungeon
 36165 | D:15     | Reached XP level 16. HP: 77/77 MP: 32/32
 36182 | D:15     | Reached skill level 5 in Translocations
 37305 | D:15     | Found a staircase to the Depths.
 37815 | Swamp:1  | Entered Level 1 of the Swamp
 37841 | Swamp:1  | Reached skill level 10 in Translocations
 38391 | Swamp:1  | Demolished by a bog body
 38392 | Swamp:1  | Reached XP level 15. HP: -18/112 MP: 34/40
 38393 | Swamp:1  | You are sucked into a shaft and drop 1 floor!
 38872 | Swamp:1  | Bought a book of Spatial Translocations for 338 gold pieces
 38874 | Swamp:1  | Bought a scroll of fear for 56 gold pieces
 39229 | Swamp:2  | Noticed a thorn hunter
 39245 | Swamp:2  | Killed a thorn hunter
 39304 | Swamp:2  | Learned a level 5 spell: Manifold Assault
 40054 | Swamp:1  | Bought the amulet "Agidaqa" {RegenMP Fragile rF+ Str+4
                  | Int+2} for 867 gold pieces
 40593 | Swamp:3  | Noticed a sphinx
 40593 | Swamp:3  | Noticed Kirke
 40599 | Swamp:3  | Killed Kirke
 40600 | Swamp:3  | Reached XP level 16. HP: 77/77 MP: 19/32
 40678 | Swamp:3  | Identified the ring "Xiluud" {rC+ MP+9}
 40994 | Swamp:4  | Entered Level 4 of the Swamp
 41228 | Swamp:4  | Noticed Nikola
 41734 | Swamp:4  | Found a runed translucent gate.
 41734 | Swamp:4  | Found a runed translucent gate.
 41734 | Swamp:4  | Found a runed translucent gate.
 41736 | Swamp:4  | Noticed Gabide's ghost (adept BaMo)
 42875 | Swamp:4  | Killed Nikola
 43518 | Swamp:4  | Got a decaying rune of Zot
 43943 | D:13     | Bought the Directory of the Blaze and Beckoning for 480
                  | gold pieces
 44175 | Spider:1 | Entered Level 1 of the Spider Nest
 44585 | Spider:1 | You are sucked into a shaft and drop 1 floor!
 44585 | Spider:2 | Noticed Agnes
 44615 | Spider:2 | Killed Agnes
 44654 | Spider:2 | Reached skill level 7 in Unarmed Combat
 44978 | Spider:2 | Noticed Frances
 44985 | Spider:2 | Noticed Arachne
 44992 | Spider:2 | Killed Frances
 44995 | Spider:2 | Killed Arachne
 46011 | Spider:1 | Noticed Roxanne
 46110 | Spider:1 | Killed Roxanne
 46361 | Spider:2 | Learned a level 6 spell: Summon Cactus Giant
 46906 | Spider:3 | Reached XP level 17. HP: 79/82 MP: 33/33
 46932 | Spider:3 | Reached skill level 8 in Unarmed Combat
 47495 | Spider:3 | Noticed Mara
 47506 | Spider:3 | Killed Mara
 48309 | Spider:4 | Entered Level 4 of the Spider Nest
 49378 | Spider:4 | Reached skill level 15 in Dodging
 49691 | Spider:4 | Reached skill level 9 in Unarmed Combat
 51228 | Spider:4 | Identified the +2 pair of boots "Nuloalepn" {rElec}
 51252 | Spider:4 | Got a gossamer rune of Zot
 51990 | Elf:1    | Entered Level 1 of the Elven Halls
 52106 | Elf:1    | Found Toehihes's Specific Store.
 52106 | Elf:1    | Found Enumatoi's General Store.
 52261 | Elf:1    | Found Aqaufudics's Armour Shoppe.
 52326 | Elf:1    | Found a radiant altar of Vehumet.
 52328 | Elf:1    | Reached XP level 18. HP: 87/87 MP: 19/34
 52763 | Elf:1    | Learned a level 5 spell: Silence
 53636 | Elf:1    | Reached skill level 10 in Unarmed Combat
 54059 | Elf:1    | Got Koerem's Writings on Summoned Concussion
 54395 | Elf:2    | Paralysed by an air elemental for 1 turns
 54661 | Elf:2    | Reached skill level 15 in Air Magic
 55109 | Elf:2    | Found a runed translucent gate.
 55109 | Elf:2    | Found a runed translucent gate.
 55112 | Elf:2    | Found a runed translucent gate.
 55159 | Elf:2    | Identified the +6 mace of Amorality {freeze, rPois Will-
                  | Dex+2}
 55866 | Elf:3    | Entered Level 3 of the Elven Halls
 56508 | Elf:3    | Reached skill level 15 in Fighting
 57133 | Elf:3    | Identified the +8 mace of Wiveehic {vamp, Fly rPois Dex+2
                  | SInv}
 57661 | Elf:3    | Reached skill level 11 in Unarmed Combat
 57736 | Elf:3    | Identified the +7 mace of Wuhipse {vorpal, rElec Int-4
                  | Dex+4}
 57740 | Elf:3    | Reached XP level 19. HP: 93/93 MP: 29/35
 57941 | Elf:3    | Identified the ring "Hirymnip" {Fly rElec rF- Str+6 Int+7}
 58002 | Elf:3    | Identified the ring of Spite {rElec MP+9 EV+4}
 58124 | Elf:3    | Identified the +1 chain mail of Quantum Leap {Harm rC+
                  | Dex+5}
 58132 | Elf:3    | Identified the +10 scale mail of Supple Strength {Rampage
                  | Int-5 Slay+3}
 59199 | Elf:3    | Identified a scroll of acquirement
 59273 | Elf:3    | Identified the +5 halberd of Uzyph {pain, rC+}
 59599 | Elf:3    | Got Asmodeus's Treatise on the Comitatus
 59807 | Vaults:1 | Entered Level 1 of the Vaults
 59820 | Vaults:1 | Reached skill level 15 in Translocations
 60029 | Vaults:1 | Found the +8 longbow "Zephyr" {speed, Dex+3 SInv}
 60796 | Vaults:1 | Reached skill level 12 in Unarmed Combat
 62940 | Vaults:2 | Identified the +8 rapier of a bazaar {flame, MP+9 SInv}
 63918 | D:13     | Bought a book of Blood for 420 gold pieces
 63921 | D:13     | Learned a level 2 spell: Wereblood
 64533 | Vaults:2 | Reached XP level 20. HP: 97/97 MP: 36/36
 64827 | Vaults:2 | Reached skill level 13 in Unarmed Combat
 66929 | Vaults:3 | Found a staircase to the Crypt.
 68921 | Vaults:4 | Reached skill level 14 in Unarmed Combat
 69968 | Slime:1  | Entered Level 1 of the Pits of Slime
 70424 | Slime:1  | Reached XP level 21. HP: 101/101 MP: 27/39
 70983 | Slime:4  | Noticed Dissolution
 71011 | Slime:4  | Killed Dissolution
 71389 | Slime:5  | Entered Level 5 of the Pits of Slime
 71429 | Slime:5  | Noticed the Royal Jelly
 71595 | Slime:5  | Found a viscous altar of Jiyva.
 71624 | Slime:5  | Reached skill level 15 in Unarmed Combat
 71776 | Swamp:1  | Bought a scroll of teleportation for 42 gold pieces
 71776 | Swamp:1  | Bought a scroll of fog for 56 gold pieces
 72281 | Slime:5  | Fell from the grace of Gozag
 72281 | Slime:5  | Became a worshipper of Jiyva Jomej the Shapeless
 73773 | Crypt:1  | Entered Level 1 of the Crypt
 74404 | Crypt:1  | Noticed Mennas
 74416 | Crypt:1  | HP: 5/103 [Mennas/+1 sacred scourge of holy wrath (15)]
 74417 | Crypt:1  | Slain by Mennas
 74418 | Crypt:1  | Reached XP level 20. HP: -1/99 MP: 38/38
 74420 | Crypt:1  | Reached XP level 21. HP: 103/103 MP: 38/40
 74470 | Crypt:1  | Killed Mennas
 75671 | Crypt:2  | Reached * piety under Jiyva
 75704 | Crypt:2  | Found a transporter.
 75710 | Crypt:2  | Found a transporter.
 75832 | Crypt:2  | Noticed Donald
 75834 | Crypt:2  | Killed Donald
 76189 | Crypt:3  | Entered Level 3 of the Crypt
 76276 | Crypt:3  | Reached XP level 22. HP: 108/108 MP: 41/41
 76290 | Crypt:2  | Found a basalt altar of Yredelemnul.
 76466 | Crypt:3  | HP: 3/108 [caustic shrike skeleton[a mummy priest] (4)]
 76466 | Crypt:3  | Mangled by a jiangshi
 76467 | Crypt:3  | Reached XP level 21. HP: -11/104 MP: 38/40
 76467 | Crypt:3  | Found a staircase to the Tomb.
 76556 | Tomb:1   | Entered Level 1 of the Tomb of the Ancients
 76612 | Crypt:3  | Reached skill level 16 in Unarmed Combat
 76791 | Crypt:3  | Learned a level 7 spell: Malign Gateway
 76877 | Crypt:3  | Reached skill level 15 in Spellcasting
 76953 | Crypt:3  | Noticed a dread lich
 76970 | Crypt:3  | Killed a dread lich
 77050 | Crypt:3  | Noticed a curse toe
 77057 | Crypt:3  | Killed a curse toe
 77092 | Crypt:3  | Reached ** piety under Jiyva
 77144 | Crypt:3  | Found an ancient bone altar of Kikubaaqudgha.
 77148 | Crypt:3  | Found a basalt altar of Yredelemnul.
 77148 | Crypt:3  | Identified the ring "Goaxkote" {*Corrode rF+ rN+ Will+
                  | Str+5 Stlth+}
 77162 | Crypt:3  | Identified the ring "Yxam" {rN+ Str+5}
 77162 | Crypt:3  | Identified the ring "Pokethr Ipoh" {rN+ Str+4}
 77168 | Crypt:3  | Got the Vellum of Malignant Arts
 77179 | Crypt:3  | Found the +0 staff of Battle
 77217 | Crypt:3  | Identified the +0 scale mail of the Lizard {Str+3}
 77368 | Crypt:3  | Identified the +4 mace of Qierch {drain, Stlth+}
 77419 | Crypt:3  | Found a runed translucent gate.
 77419 | Crypt:3  | Found a runed translucent gate.
 77419 | Crypt:3  | Found a runed translucent gate.
 77476 | Crypt:3  | Found an ancient bone altar of Kikubaaqudgha.
 77531 | Crypt:3  | Identified the +1 ring mail of a bailey {rElec Regen+}
 77905 | Tomb:1   | Reached skill level 17 in Unarmed Combat
 77907 | Tomb:1   | Reached *** piety under Jiyva
 78012 | Tomb:1   | Gained mutation: You are covered in slimy tendrils that may
                  | disarm your opponents. [Jiyva's grace]
 78012 | Tomb:1   | Gained mutation: You have hidden genetic potential.
                  | [Jiyva's grace]
 78012 | Tomb:1   | Gained mutation: You have great hidden genetic potential.
                  | [Jiyva's grace]
 78012 | Tomb:1   | Gained mutation: You are robust. (+10% HP) [Jiyva's grace]
 78144 | Tomb:1   | Noticed a royal mummy
 78144 | Tomb:1   | Noticed a royal mummy
 78522 | D:11     | Bought a scroll of fog for 68 gold pieces
 78587 | Orc:2    | Bought a scroll of magic mapping for 97 gold pieces
 78588 | Orc:2    | Bought a scroll of blinking for 127 gold pieces
 78588 | Orc:2    | Bought a scroll of blinking for 127 gold pieces
 79326 | Depths:1 | Entered Level 1 of the Depths
 79333 | Depths:1 | Found a gateway to a bazaar.
 79352 | Bazaar   | Entered a bazaar
 79373 | Bazaar   | Found Wucwuh's Antique Weapon Emporium.
 79389 | Bazaar   | Found Nieg's Assorted Antiques.
 79389 | Bazaar   | Found Uzeurph's Assorted Antiques.
 79394 | Bazaar   | Bought a potion of heal wounds for 110 gold pieces
 79405 | Bazaar   | Found Pyirabre's Book Shoppe.
 79423 | Bazaar   | Bought a potion of might for 84 gold pieces
 79501 | Depths:1 | Found a magical portal.
 79527 | WizLab   | Entered Borgnjor's Mausoleum
 79772 | WizLab   | Reached XP level 22. HP: 101/122 MP: 42/42
 79969 | Depths:1 | Reached **** piety under Jiyva
 80041 | Depths:1 | Found a gateway to Hell.
 80699 | Depths:2 | Found a shadowy altar of Dithmenos.
 80871 | Depths:2 | Noticed Asterion
 80879 | Depths:2 | Slimified Asterion
 80879 | Depths:2 | Noticed Asterion
 80879 | Depths:2 | Asterion changed into Asterion the azure jelly
 80897 | Depths:2 | Reached skill level 18 in Unarmed Combat
 80905 | Depths:2 | Killed Asterion the azure jelly
 80913 | Depths:2 | Found a sacrificial altar of Ru.
 80969 | Depths:2 | Found a one-way gate leading to the halls of Pandemonium.
 81068 | Depths:2 | Was forgiven by Gozag
 81171 | Depths:2 | Noticed a juggernaut
 81184 | Depths:2 | Killed a juggernaut
 81267 | Depths:2 | Identified the +0 robe of Gozag's Esteem {rPois Stlth+}
 81491 | Depths:2 | Gained mutation: You have a pair of small antennae on your
                  | head. [hidden potential]
 81525 | Depths:2 | Found a one-way gateway to a ziggurat.
 81867 | Depths:3 | Found a one-way gate to the infinite horrors of the Abyss.
 81867 | Depths:3 | Noticed Xtahua
 81875 | Depths:3 | Killed Xtahua
 81967 | Depths:3 | Lost mutation: You have a pair of small antennae on your
                  | head. [Jiyva's grace]
 81967 | Depths:3 | Lost mutation: You are covered in slimy tendrils that may
                  | disarm your opponents. [Jiyva's grace]
 81967 | Depths:3 | Gained mutation: Armour fits poorly on your pseudopods.
                  | [Jiyva's grace]
 81967 | Depths:3 | Gained mutation: Armour fits poorly on your large
                  | pseudopods. [Jiyva's grace]
 81967 | Depths:3 | Gained mutation: Armour fits poorly on your massive
                  | pseudopods. [Jiyva's grace]
 81967 | Depths:3 | Gained mutation: Your translucent skin slightly reduces
                  | your foes' accuracy. (Stealth+) [Jiyva's grace]
 82330 | Depths:3 | Identified the ring of Goiwk {Wiz rF++ Dex+5 Slay-6}
 82425 | Depths:3 | Reached ***** piety under Jiyva
 82578 | Depths:4 | Entered Level 4 of the Depths
 82774 | Depths:4 | Reached XP level 23. HP: 116/128 MP: 43/43
 82962 | Depths:4 | Noticed a juggernaut
 82970 | Depths:4 | Killed a juggernaut
 83049 | Depths:4 | Reached skill level 19 in Unarmed Combat
 83437 | Depths:4 | Found a runed translucent door.
 83450 | Depths:4 | Found a runed translucent door.
 83450 | Depths:4 | Found a runed translucent door.
 83460 | Depths:4 | Found a runed translucent door.
 83469 | Depths:4 | Found a runed translucent door.
 83550 | Depths:4 | Found a runed translucent door.
 83656 | Depths:4 | Found a gate to the Realm of Zot.
 84203 | Vaults:5 | Entered Level 5 of the Vaults
 84206 | Vaults:5 | Noticed a dread lich
 84292 | Vaults:4 | Killed a dread lich
 84535 | Vaults:4 | Gained mutation: You are strong-willed. (Will+) [hidden
                  | potential]
 84535 | Vaults:4 | Lost mutation: You have great hidden genetic potential.
                  | [hidden potential expressed]
 84591 | Vaults:5 | Noticed Sojobo
 84597 | Vaults:5 | Reached skill level 20 in Unarmed Combat
 84620 | Vaults:5 | Killed Sojobo
 84622 | Vaults:5 | Identified the +4 scale mail "Ciwelouneu" {rPois Str+4
                  | Dex-4 SInv}
 84913 | Vaults:5 | Lost mutation: Armour fits poorly on your massive
                  | pseudopods. [Jiyva's grace]
 84913 | Vaults:5 | Lost mutation: Your translucent skin slightly reduces your
                  | foes' accuracy. (Stealth+) [Jiyva's grace]
 84913 | Vaults:5 | Gained mutation: You are partially covered in large bone
                  | plates. (SH +4) [Jiyva's grace]
 84913 | Vaults:5 | Gained mutation: You are mostly covered in large bone
                  | plates. (SH +6) [Jiyva's grace]
 84913 | Vaults:5 | Gained mutation: You are completely covered in large bone
                  | plates. (SH +8) [Jiyva's grace]
 84913 | Vaults:5 | Gained mutation: You passively map a small area around you.
                  | [Jiyva's grace]
 84924 | Vaults:5 | Got a silver rune of Zot
 84965 | Vaults:5 | Reached skill level 21 in Unarmed Combat
 84967 | Vaults:5 | Reached XP level 24. HP: 136/136 MP: 43/43
 85070 | Vaults:5 | Identified the +9 spear of the Big Bang {vorpal, rPois
                  | SInv}
 85288 | Vaults:5 | Identified the +5 sling of Righteous Fury {venom, rN+ Str+4
                  | Int-4 Dex+4}
 85369 | Vaults:5 | Reached skill level 22 in Unarmed Combat
 85486 | Vaults:5 | Noticed Jory
 85500 | Vaults:5 | Killed Jory
 85663 | Vaults:5 | Identified the +1 chain mail "Yroprer" {rCorr Dex+6}
 86366 | Zot:1    | Entered Level 1 of the Realm of Zot
 86400 | Zot:1    | Reached skill level 23 in Unarmed Combat
 86518 | Zot:1    | Acquired the ring of Goiwuffo {Drain Fly rC+ rN+ Int+4}
 86680 | Zot:1    | Reached ****** piety under Jiyva
 87412 | Zot:2    | Reached skill level 24 in Unarmed Combat
 87422 | Zot:2    | Gained mutation: You have a pair of small horns on your
                  | head. [hidden potential]
 87425 | Zot:2    | Lost mutation: You have a pair of small horns on your head.
                  | [Jiyva's grace]
 87425 | Zot:2    | Lost mutation: You are completely covered in large bone
                  | plates. (SH +8) [Jiyva's grace]
 87425 | Zot:2    | Lost mutation: You passively map a small area around you.
                  | [Jiyva's grace]
 87425 | Zot:2    | Lost mutation: You are robust. (+10% HP) [Jiyva's grace]
 87425 | Zot:2    | Lost mutation: Armour fits poorly on your large pseudopods.
                  | [Jiyva's grace]
 87425 | Zot:2    | Lost mutation: You have hidden genetic potential. [Jiyva's
                  | grace]
 87425 | Zot:2    | Gained mutation: You are agile. (Dex +4, Str/Int -1)
                  | [Jiyva's grace]
 87425 | Zot:2    | Gained mutation: You are very agile. (Dex +8, Str/Int -2)
                  | [Jiyva's grace]
 87425 | Zot:2    | Gained mutation: Your spells are a little harder to cast,
                  | but a little more powerful. [Jiyva's grace]
 87425 | Zot:2    | Gained mutation: Your spells are harder to cast, but more
                  | powerful. [Jiyva's grace]
 87430 | Zot:2    | Learned a level 2 spell: Blink
 87846 | Slime:5  | Got a slimy rune of Zot
 87878 | Slime:5  | Identified the +7 chain mail "Ehagiemo" {rC+ Str+9 Int-5
                  | Dex+3}
 87894 | Slime:5  | Identified the +3 leather armour of Zazikeg {rF+ rC+ Str+3
                  | Dex-4}
 87929 | Slime:5  | Identified the +8 scale mail of Hisakirr {Str+3}
 88538 | Zot:2    | Noticed a Killer Klown
 88549 | Zot:2    | Killed a Killer Klown
 88592 | Zot:2    | Noticed an orb of fire
 88602 | Zot:2    | Killed an orb of fire
 89219 | Zot:3    | Reached XP level 25. HP: 74/128 MP: 16/44
 89262 | Zot:3    | Reached skill level 25 in Unarmed Combat
 89333 | Zot:3    | You are sucked into a shaft and drop 1 floor!
 90326 | Zot:4    | Reached skill level 26 in Unarmed Combat
 90484 | Zot:4    | Identified the +1 long sword "Ruxuhah" {freeze, rElec}
 90698 | Zot:5    | Entered Level 5 of the Realm of Zot
 90885 | Zot:5    | Noticed an orb of fire
 91020 | Zot:5    | Noticed an orb of fire
 91029 | Zot:5    | Killed an orb of fire
 91031 | Zot:5    | Lost mutation: You are very agile. (Dex +8, Str/Int -2) [an
                  | orb of fire]
 91033 | Zot:5    | Killed an orb of fire
 91037 | Zot:5    | Noticed an orb of fire
 91040 | Zot:5    | Killed an orb of fire
 91041 | Zot:5    | Noticed an orb of fire
 91048 | Zot:5    | Noticed an orb of fire
 91052 | Zot:5    | Killed an orb of fire
 91056 | Zot:5    | Killed an orb of fire
 91056 | Zot:5    | Noticed an orb of fire
 91062 | Zot:5    | Killed an orb of fire
 91221 | Zot:5    | Noticed an orb of fire
 91221 | Zot:5    | Noticed an orb of fire
 91222 | Zot:5    | Noticed a Killer Klown
 91224 | Zot:5    | Noticed a Killer Klown
 91224 | Zot:5    | Noticed an orb of fire
 91231 | Zot:5    | Gained mutation: Your magical capacity is low. (-10% MP)
                  | [an orb of fire]
 91232 | Zot:5    | Killed a Killer Klown
 91233 | Zot:5    | Noticed a dread lich
 91234 | Zot:5    | Killed an orb of fire
 91235 | Zot:5    | Reached skill level 27 in Unarmed Combat
 91235 | Zot:5    | Killed an orb of fire
 91235 | Zot:5    | Killed an orb of fire
 91236 | Zot:5    | Killed a Killer Klown
 91239 | Zot:5    | Killed a dread lich
 91265 | Zot:5    | Noticed a Killer Klown
 91276 | Zot:5    | Reached XP level 26. HP: 133/133 MP: 0/39
 91277 | Zot:5    | Noticed a dread lich
 91278 | Zot:5    | Noticed a dread lich
 91290 | Zot:5    | Killed a dread lich
 91294 | Zot:5    | Killed a dread lich
 91329 | Zot:5    | Noticed an ancient lich
 91338 | Zot:5    | Killed an ancient lich
 91522 | Zot:5    | Lost mutation: You are mostly covered in large bone plates.
                  | (SH +6) [Jiyva's grace]
 91522 | Zot:5    | Lost mutation: Your magical capacity is low. (-10% MP)
                  | [Jiyva's grace]
 91522 | Zot:5    | Gained mutation: Your natural rate of healing is unusually
                  | fast. [Jiyva's grace]
 91522 | Zot:5    | Gained mutation: You heal very quickly. [Jiyva's grace]
 91522 | Zot:5    | Gained mutation: You regenerate. [Jiyva's grace]
 91522 | Zot:5    | Gained mutation: Your rubbery body absorbs attacks. (AC +1,
                  | EV +1) [Jiyva's grace]
 91879 | Zot:5    | Got the Orb of Zot
 92090 | Zot:1    | Noticed a seraph
 92147 | Depths:4 | Noticed Siloit the pandemonium lord
 92500 | D:6      | Noticed Weros the pandemonium lord
 92511 | D:6      | Killed Weros the pandemonium lord
 92594 | D:4      | Noticed Ozaixeh the pandemonium lord
 92658 | D:$      | Escaped with the Orb!

Illustrated notes

Levels and vault maps discovered:
D:1:      heliophobic_arrival_henge, layout_loops_corners,
          nicolae_ecumenical_snake_handling, minmay_box_of_dots
D:2:      layout_loops_ring
D:3:      layout_rooms
D:4:      layout_loops_ring, nemelex_xobeh_ov_fountains_minmay,
          minmay_temple_entry_mist
D:5:      minmay_inner_zag, layout_gridville, uniq_grinder, uniq_pikel,
          uniq_eustachio
D:6:      kennysheep_big_flooded_room, layout_basic
D:7:      layout_cave_pools, ebering_dispersal_statue_hall, uniq_menkaure
D:8:      layout_cave_pools, st_stairs_11, minivault_1, minmay_misc_feat_cross
D:9:      layout_long_grid, enter_bailey_5, serial_shops, shop,
          nicolae_stop_n_shop_1
D:10:     layout_small_grid, minitemple, lair_entry_dummy, uniq_harold,
          uniq_erica
D:11:     layout_loops_cross, hiddenorc2_lemuel, serial_shops,
          nicolae_shop_overgrown_old_shop, shop, kennysheep_mini, shop,
          shop_fountains, gauntlet_entry_generic
D:12:     layout_roguey, uniq_gastronok
D:13:     layout_irregular_city, lightli_vaults_fourway_checkpoint,
          uniq_josephine, uniq_azrael, uniq_nessos
D:14:     layout_roguey, grunt_decor_junction, enter_trove_6, uniq_lodul
D:15:     hangedman_depths_entry_try_elsewhere_first, layout_basic
Temple:   mainiacjoe_temple_bowtie_tessellation
Lair:1:   layout_regular_city, cheibrodos_lair_reptile_den, lemuel_fruit_tree,
          uniq_fannar, uniq_amaemon, uniq_joseph
Lair:2:   layout_cave_pods, minmay_swamp_entry_reptiles
Lair:3:   layout_loops_ring, hellmonk_spider_entry_life_and_decay,
          minmay_shattered_shrine, uniq_urug
Lair:4:   layout_small_grid, dpeg_slime_entry_enclosed, serial_bayou_shore_b,
          serial_bayou_shore_b, serial_bayou_shore_b, infiniplex_staircase_pool,
          grunt_megastairs_4
Lair:5:   minmay_lair_end_enchanted_forest, layout_gridlike,
          gammafunk_ghost_icy, fungi_pond_lemuel
Swamp:1:  layout_basic_swamp, nicolae_swamp_fairy_circle, swamp_pool4,
          nicolae_swamp_catching_bugs
Swamp:2:  layout_basic_swamp, evilmike_swamp_ruin_rubble_2
Swamp:3:  layout_basic_swamp, hangedman_swamp_blocks, uniq_kirke
Swamp:4:  swamp_icy, layout_basic_swamp, gammafunk_ghost_necromancy, uniq_nikola
Spider:1: layout_spider_delve, nicolae_spider_baby_got_redback, uniq_roxanne
Spider:2: layout_spider_delve, nicolae_spider_cling_halls, uniq_arachne,
          uniq_agnes, uniq_frances
Spider:3: layout_spider_delve, uniq_mara
Spider:4: grunt_spider_rune_circles
Slime:1:  layout_caves
Slime:2:  cheibrodos_slime_lost_civilization_9, layout_caves
Slime:3:  layout_caves
Slime:4:  layout_caves, dissolution_awaits
Slime:5
Orc:1:    layout_caves, serial_shops, shop
Orc:2:    st_orc_ogre_mass, layout_caves, basic_altar, uniq_saint_roka,
          uniq_jorgrun, uniq_rupert
Elf:1:    eino_elf_arrival_altar, layout_onion_city, serial_shops,
          nicolae_take_the_stairs, minmay_elf_sorcery, grunt_ministairs_7,
          nicolae_specific_store
Elf:2:    nicolae_elf_blades_splatter_lattice [nicolae_blade_little_rooms],
          layout_geoelf_grid
Elf:3:    minmay_elf_hall_furrowed, layout_loops_ring, grunt_megastairs_3
Vaults:1: vaults_room_door_ring, ontoclasm_vaults_pinch, special_room_vaults
          [special_room_orc], nicolae_vaults_little_squares_1,
          nicolae_vaults_triangles, vaults_standard_mumra_enter_the_diamond,
          vaults_room_hallway, vaults_room_door_ring,
          nicolae_vaults_yaktaur_gun_rack, dpeg_vaults_monster_box,
          ontoclasm_vaults_twist, layout_vaults_omnicross
Vaults:2: nicolae_vaults_border_crossing, v_rooms_3, vaults_room_stairs_pillars,
          hangedman_vaults_snaps, ontoclasm_vaults_chip, vaults_mumra_hex,
          v_rooms_2, layout_vaults_maze_snakey
Vaults:3: minmay_crypt_entry_simple_plaza, vaults_mumra_minichess_inversion,
          hangedman_vaults_variations, vaults_dpeg_hooks, grunt_vaults_diagonal,
          vaults_mumra_hexcomb, v_misc_10, nicolae_vaults_little_squares_4,
          layout_vaults_chaotic_city
Vaults:4: v_misc_12, nicolae_vaults_hallways_thing, st_hourglassy,
          vaults_room_fours, vaults_dpeg_diagonal, vaults_dpeg_encased_lava,
          hangedman_vaults_capsules, v_alt_pattern_1, ontoclasm_vaults_ligature,
          vaults_room_large_hall, nicolae_vaults_alarming,
          nicolae_vaults_angled_halls, hangedman_vaults_stretched_pinwheel,
          vaults_room_corners, layout_vaults_omnibox
Vaults:5: serial_shops, uniq_jory, uniq_sojobo
Crypt:1:  layout_catacombs, grunt_ministairs_14, uniq_mennas
Crypt:2:  gammafunk_sealed_arena, layout_basic, lemuel_upstairs_altar,
          grunt_megastairs_2, uniq_donald
Crypt:3:  lightli_unholy_cathedral, layout_chaotic_city,
          tomb_entry_shell_bobbens, basic_altar, pandoras_box_mu
Tomb:1
Depths:1: layout_forbidden_donut, pf_vacation_house_of_asmodeus,
          infiniplex_enter_wizlab_water, grunt_decor_arrowhead, serial_shops,
          bzr_in_the_mist, minmay_three_doors, roderic_lattice_octagonal_star
Depths:2: minmay_textured_paths, layout_honeycomb, enter_ziggurat_c,
          nicolae_ru_path_of_blood, grunt_pan_entry_spiral, hell_entry,
          drop_trap, nicolae_dithmenos_through_a_glass_darkly, uniq_asterion
Depths:3: minmay_bloctagon_deflated, layout_long_grid, hell_entry, abyss_entry,
          grunt_megastairs_5, infiniplex_staircase_hallway_doors, uniq_xtahua
Depths:4: evilmike_zot_entry_castle, layout_basic, serial_bayou_shore_a,
          hell_entry, abyss_entry_small_statue_room, minmay_liquid_box,
          serial_bayou_shore_b
Zot:1:    layout_cathedral_of_symmetry, uniq_josephina
Zot:2:    circus_mu, layout_basic, st_stairs_5
Zot:3:    layout_gridlike
Zot:4:    layout_gridville
Zot:5:    layout_twisted_circle

Skill      XL: |  1  2  3  4  5  6  7  8  9 10 11 12 13 14 15 16 17 18 19 20 21 22 23 24 25 26 |
---------------+-------------------------------------------------------------------------------+-----
Spellcasting   | 3 4 5 6 7 8 9 11 14 15 16 | 16.0
Summonings     | 5 6 7 8 10 12 13 | 13.0
Dodging        | 3 4 5 6 8 10 11 12 14 15 17 18 19 21 | 21.0
Hexes          | 2 3 5 7 |  7.0
Fighting       | 1 2 3 4 5 7 8 9 11 12 13 14 15 18 19 21 | 21.0
Air Magic      | 1 3 4 6 7 8 12 14 15 16 17 | 17.9
Transmutations | 7 12 16 17 19 20 | 20.0
Unarmed Combat | 1 5 6 7 9 11 12 14 17 18 21 24 27 | 27.0
Translocations | 4 10 12 14 15 17 19 20 21 | 21.0
Stealth        | |  2.8

Action                   |  1- 3 |  4- 6 |  7- 9 | 10-12 | 13-15 | 16-18 | 19-21 | 22-24 | 25-27 || total
-------------------------+-------+-------+-------+-------+-------+-------+-------+-------+-------++-------
Melee: Unarmed           |     4 |     3 |    23 |     6 |   415 |  1406 |  1810 |  1240 |   477 ||  5384
       Bite              |       |       |       |     2 |    53 |    15 |     1 |       |     1 ||    72
       Tailslap          |       |       |       |       |    70 |    23 |       |       |       ||    93
       Punch             |       |       |       |       |    20 |    38 |   141 |   104 |    42 ||   345
 Cast: Summon Small Mamm |    63 |     3 |     3 |       |       |       |       |       |       ||    69
       Call Canine Famil |     6 |    38 |    59 |    89 |    34 |     4 |       |       |       ||   230
       Summon Guardian G |       |     5 |    23 |    74 |    73 |     9 |       |       |       ||   184
       Summon Lightning  |       |       |    11 |   150 |   195 |    45 |     4 |       |       ||   405
       Dragon Form       |       |       |       |       |   100 |    18 |       |       |       ||   118
       Summon Mana Viper |       |       |       |       |     6 |     1 |     1 |       |       ||     8
       Manifold Assault  |       |       |       |       |    24 |   485 |   484 |   326 |   165 ||  1484
       Summon Forest     |       |       |       |       |    17 |    55 |    32 |    13 |     7 ||   124
       Storm Form        |       |       |       |       |     9 |   129 |   157 |    71 |    32 ||   398
       Summon Cactus Gia |       |       |       |       |       |    36 |    28 |    18 |     2 ||    84
       Silence           |       |       |       |       |       |     2 |     2 |     1 |     1 ||     6
       Wereblood         |       |       |       |       |       |       |    44 |    52 |    29 ||   125
       Malign Gateway    |       |       |       |       |       |       |       |     5 |     4 ||     9
Invok: Call Merchant     |       |       |       |     3 |     4 |       |       |       |       ||     7
       Potion Petition   |       |       |       |       |       |       |     2 |       |       ||     2
       Slimify           |       |       |       |       |       |       |       |     1 |       ||     1
       Oozemancy         |       |       |       |       |       |       |       |     1 |       ||     1
 Abil: Breathe Fire      |       |       |       |       |    29 |     4 |       |       |       ||    33
       End Transformatio |       |       |       |       |     2 |     1 |     4 |       |       ||     7
       Blinkbolt         |       |       |       |       |     1 |     2 |    10 |     2 |     1 ||    16
Evoke: Wand              |       |       |       |       |     6 |       |       |       |       ||     6
       Phantom mirror    |       |       |       |       |       |       |     1 |       |       ||     1
  Use: Scroll            |       |       |    10 |    13 |    13 |     8 |     8 |     5 |     4 ||    61
       Potion            |       |       |     1 |     2 |       |     4 |     6 |    11 |     6 ||    30
 Stab: Distracted        |       |       |       |       |    14 |     9 |    15 |     4 |     4 ||    46
       Sleeping          |       |       |       |       |     1 |     1 |     2 |       |       ||     4
       Betrayed ally     |       |       |       |       |       |     1 |       |       |       ||     1
Armor: Skin              |     2 |       |     1 |     6 |   117 |   133 |    81 |    63 |    14 ||   417
Dodge: Dodged            |    14 |    10 |    68 |   124 |   326 |   801 |   814 |   748 |   224 ||  3129
Block: Other             |       |       |       |     7 |    19 |    40 |       |     9 |       ||    75
